 Dungeon Crawl Stone Soup version 0.31-a0-133-gaae73658be (webtiles) character file.

Game seed: 11450791847098678156

301 Essalna the Firebug (level 6, 0/37 HPs)
             Began as a Tengu Fire Elementalist on June 2, 2023.
             Was an Initiate of Vehumet.
             Engulfed by a cloud of steam (5 damage)
             ... on level 4 of the Dungeon.
             The game lasted 00:05:25 (3650 turns).

Essalna the Firebug (Tengu Fire Elementalist)       Turns: 3650, Time: 00:05:25

Health: 0/37       AC:  4    Str:  9    XL:     6   Next: 37%
Magic:  13/19      EV: 14    Int: 17    God:    Vehumet [......]
Gold:   184        SH:  0    Dex: 14    Spells: 2/9 levels left

rFire   . . .        (no weapon)
rCold   + . .        (no shield)
rNeg    . . .        r - +2 robe {Will+}
rPois   .            (helmet restricted)
rElec   .            (no cloak)
rCorr   .            (no gloves)
SInv    .            (boots unavailable)
Will    +....        (no amulet)
Stlth   ++           c - ring of protection from cold
HPRegen 0.26/turn    l - ring of magical power
MPRegen 0.16/turn

%: no passive effects
@: flying quickly and evasively, quick
A: beak, talons 3, nimble flight
a: Renounce Religion


You were on level 4 of the Dungeon.
You worshipped Vehumet.
Vehumet was noncommittal.
You visited 1 branch of the dungeon, and saw 4 of its levels.

You collected 184 gold pieces.

Inventory:

Armour
 a - a +0 robe
 r - a +2 robe of willpower (worn)
Jewellery
 c - a ring of protection from cold (left hand)
 l - a ring of magical power (right hand)
 s - a ring of see invisible
Wands
 q - a wand of roots (3)
Scrolls
 h - a scroll of vulnerability
 j - a scroll of fog {unknown}
 k - 2 scrolls of magic mapping {unknown}
 n - 3 scrolls of teleportation {unknown}
 p - a scroll of immolation {unknown}
 t - a scroll of identify {unknown}
Potions
 b - a potion of magic
 d - a potion of invisibility {unknown}
 e - 2 potions of enlightenment {unknown}
 f - 2 potions of brilliance {unknown}
 g - 2 potions of mutation {unknown}
 i - a potion of heal wounds {unknown}
 m - 2 potions of attraction {unknown}
 o - a potion of ambrosia {unknown}


   Skills:
 + Level 3.3 Fighting
 - Level 2.1 Dodging
 - Level 2.0 Stealth
 - Level 2.0 Spellcasting
 + Level 4.7 Conjurations
 + Level 5.1 Fire Magic


You had 2 spell levels left.
You knew the following spells:

 Your Spells              Type           Power      Damage    Failure   Level
a - Foxfire               Conj/Fire      72%        2x1d7     2%          1
b - Scorch                Fire           38%        2d7       3%          2
c - Flame Wave            Conj/Fire      18%        2d7       26%         4

Your spell library contained the following spells:

 Spells                   Type           Power      Damage    Failure   Level
 Inner Flame              Hex/Fire       10%        N/A       21%         3
 Volatile Blastmotes      Fire/Tloc      20%        2d11      21%         3


Dungeon Overview and Level Annotations

Branches:
Dungeon (4/15)
 Temple: D:4-7

Altars:
Cheibriados
Elyvilon
Qazlal
Trog
Vehumet
Yredelemnul

Annotations:
D:4 Pikel


Innate Abilities, Weirdness & Mutations

You have a beak for a mouth.
You have claws for feet.
Your magical nature lets you fly swiftly and evasively.


Message History

The foxfire hits the lemure.
The lemure is moderately wounded.
Pikel, Merchant of Souls comes into view.
He is wielding a +0 whip of freezing, wearing a +2 robe of willpower and carrying a wand of mindburst (16).
Casting: Foxfire (safe; 2% risk of failure)
Confirm with . or Enter, or press ? or * to list all spells.
The spell is extremely dangerous to miscast (26% risk of failure)!
Continue anyway?
Casting: Flame Wave (extremely dangerous; 26% risk of failure)
Press: ? - help, Dir - look around, f - activate A wave of flame ripples out!
The tree burns like a torch!
The flame wave engulfs the lemure.
The lemure is moderately wounded. (Press . to intensify the flame waves.) Pikel shouts!
A wave of flame ripples out!
The flame wave engulfs the lemure!
The lemure is severely wounded.
The flame wave engulfs the lemure.
The lemure is lightly wounded.
You are engulfed in a cloud of scalding steam.
You hear a shout!
The lemure is engulfed in a cloud of scalding steam.
A wave of flame ripples out!
The flame wave engulfs the lemure!
The lemure is almost dead.
The flame wave engulfs the lemure!
The lemure is severely wounded.
The tree burns like a torch!
You finish channelling waves of flame.
You are engulfed in blazing flames.
Ouch! That really hurt!
* * * LOW HITPOINT WARNING * * *
The lemure is engulfed in a forest fire.
You kill the lemure!
That felt strangely unrewarding.
The lemure is engulfed in a cloud of scalding steam.
You kill the lemure!
That felt strangely unrewarding.
Really fly into that cloud of steam?
Okay, then.
Really fly into that cloud of steam?
You are engulfed in a cloud of scalding steam.
You are engulfed in a cloud of scalding steam.
You die...

####### #.....###
######.#...[.##
##......@§§....##
#..####.§§§§§§..#
#####.##
#..§§~§§..#
#.....#
#..§§§§§..#
#####.#####
#..≈§§§§..#
#..[..#
♣..§§5§§..♣
#.....#
♣....§...♣♣
#.....#
♣♣♣.....♣♣
#...### ♣♣...♣♣


There were no monsters in sight!

Vanquished Creatures
  2 lemures (D:4)
  3 orc priests (D:3)
  Jessica (D:3)
  2 orc wizards (D:3)
  Robin (D:3)
  A gnoll (D:1)
  3 adders
  3 worms
  7 orcs
  4 ball pythons
  3 endoplasms
  2 giant cockroaches
  12 goblins
  6 hobgoblins
  4 jackals (D:3)
  2 quokkas
  8 bats
  7 frilled lizards
  4 kobolds (D:3)
  5 rats
  A spectral orc (D:3)
81 creatures vanquished.

Vanquished Creatures (collateral kills)
  8 foxfires (D:1)
8 creatures vanquished.

Vanquished Creatures (others)
  228 foxfires
228 creatures vanquished.

Grand Total: 317 creatures vanquished

Notes
Turn   | Place    | Note
-------+----------+-------------------------------------------
     0 | D:1      | Essalna the Tengu Fire Elementalist began the quest for the
                  | Orb.
     0 | D:1      | Reached XP level 1. HP: 10/10 MP: 4/4
   232 | D:1      | You fall into a shaft and drop 1 floor!
   238 | D:2      | Reached skill level 1 in Fighting
   238 | D:2      | Reached XP level 2. HP: 12/16 MP: 3/6
   527 | D:1      | Reached XP level 3. HP: 10/20 MP: 1/7
  1438 | D:2      | Learned a level 2 spell: Scorch
  1592 | D:2      | Reached skill level 4 in Fire Magic
  1682 | D:2      | Reached XP level 4. HP: 20/26 MP: 1/8
  2215 | D:3      | Gained mutation: Your magical nature lets you fly swiftly
                  | and evasively. [Tengu growth]
  2215 | D:3      | Reached XP level 5. HP: 28/31 MP: 9/9
  2232 | D:3      | Identified the +0 helmet "Zud Ust" {Will+}
  2232 | D:3      | Noticed Robin
  2257 | D:3      | Killed Robin
  2498 | D:3      | Found a bloodstained altar of Trog.
  2505 | D:3      | Found a snail-covered altar of Cheibriados.
  2590 | D:3      | Found a stormy altar of Qazlal.
  2665 | D:3      | Noticed Jessica
  2675 | D:3      | Killed Jessica
  3055 | D:3      | Found a radiant altar of Vehumet.
  3061 | D:3      | Learned a level 4 spell: Flame Wave
  3064 | D:3      | Became a worshipper of Vehumet
  3101 | D:3      | Reached XP level 6. HP: 26/37 MP: 10/10
  3193 | D:3      | Reached skill level 5 in Fire Magic
  3476 | D:3      | Found a basalt altar of Yredelemnul.
  3634 | D:4      | Found a white marble altar of Elyvilon.
  3644 | D:4      | Noticed Pikel
  3650 | D:4      | Engulfed by a cloud of steam

Illustrated notes

Levels and vault maps discovered:
D:1:      nicolae_arrival_washed_ashore, layout_basic, roderic_roman_lattice,
          nicolae_grassy_gnolls
D:2:      layout_loops_ring, nicolae_wormholes
D:3:      minmay_chambers_of_twos, layout_loops_ring,
          chequers_temple_overflow_statue_of_worship,
          yredelemnul_forgotten_temple_becter, mainiacjoe_overflow_swirl,
          uniq_jessica, uniq_robin
D:4:      cheibrodos_greedy_goblins, layout_rooms, elyvilon_altar_3,
          serial_demonic, serial_demonic_c, serial_demonic_e, serial_demonic_e,
          serial_demonic_b, serial_demonic_a, serial_demonic_c,
          serial_demonic_e, serial_demonic_g, uniq_pikel, uniq_menkaure

Skill      XL: |  1  2  3  4  5  6 |
---------------+-------------------+-----
Fighting       | 1 2 3 |  3.3
Conjurations   | 2 3 4 |  4.7
Fire Magic     | 4 5 |  5.1
Dodging        | |  2.1
Stealth        | |  2.0
Spellcasting   | |  2.0

Action                     |  1- 3 |  4- 6 || total
---------------------------+-------+-------++-------
  Melee: Unarmed           |    57 |    47 ||   104
         Kick              |    28 |    13 ||    41
         Peck              |    13 |    10 ||    23
   Cast: Foxfire           |    36 |   108 ||   144
         Scorch            |     5 |     1 ||     6
         Flame Wave        |       |     2 ||     2
    Use: Scroll            |     2 |       ||     2
   Stab: Sleeping          |     1 |     1 ||     2
         Distracted        |     1 |       ||     1
 Armour: Robe              |     7 |     8 ||    15
  Dodge: Dodged            |    43 |    37 ||    80

Table legend: (Time is in decaauts)
 A = Elapsed time spent in this place.
 B = Non-inter-level travel time spent in this place.
 C = Inter-level travel time spent in this place.
 D = Time resting spent in this place.
 E = Time spent auto-exploring this place.
 F = Levels seen in this place.
 G = Mean time per level.
                   A        B        C        D        E       F      G
               +--------+--------+--------+--------+--------+-----+--------+
         Total |   3581 |   3498 |     83 |      0 |   2946 |   4 |  895.2 |
       Dungeon |   3581 |   3498 |     83 |      0 |   2946 |   4 |  895.2 |
               +--------+--------+--------+--------+--------+-----+--------+

Top non-repeatable levels by time:
     D:3: 1515 daAuts
     D:2: 1076 daAuts
     D:1: 914 daAuts
     D:4: 75 daAuts
